 Dungeon Crawl Stone Soup version 0.32-a0-361-g289a535e89 (webtiles) character file.

Game seed: 18105755209166826741

70 CougarLife the Digger (level 4, -3/24 HPs)
             Began as a Gargoyle Earth Elementalist on Feb 18, 2024.
             Slain by Sigmund
             ... wielding a +0 scythe
              (8 damage)
             ... on level 2 of the Dungeon.
             The game lasted 00:01:23 (1309 turns).

CougarLife the Digger (Gargoyle Earth Elementalist) Turns: 1309, Time: 00:01:24

Health: -3/24      AC:  6    Str: 12    XL:     4   Next: 21%
Magic:  4/8        EV: 11    Int: 17    God:
Gold:   38         SH:  0    Dex: 10    Spells: 4/8 levels left

rFire   . . .        i - staff of conjuration
rCold   . . .        (no shield)
rNeg    + . .        a - +0 robe
rPois   ∞            (no helmet)
rElec   +            (no cloak)
rCorr   .            c - +0 pair of gloves
SInv    +            (no boots)
Will    .....        (no amulet)
Stlth   ++           e - ring of see invisible
HPRegen 0.24/turn    (no ring)
MPRegen 0.11/turn

%: no passive effects
@: no status effects
A: sickness immunity, AC +3, negative energy resistance 1, electricity
resistance, torment resistance 1, petrification resistance
a: no special abilities


You were on level 2 of the Dungeon.
You visited 1 branch of the dungeon, and saw 2 of its levels.

You collected 38 gold pieces.

Inventory:

Armour
 a - a +0 robe (worn)
 c - a +0 pair of gloves (worn)
Magical Staves
 i - a staff of conjuration (weapon)
Jewellery
 e - a ring of see invisible (left hand)
Scrolls
 d - a scroll of noise {unknown}
 g - 2 scrolls of blinking {unknown}
 h - 3 scrolls of identify {unknown}
Potions
 b - a potion of magic
 f - a potion of mutation {unknown}


   Skills:
 - Level 1.5 Dodging
 - Level 2.1 Stealth
 + Level 2.8 Spellcasting
 + Level 2.5 Conjurations
 + Level 4.5 Earth Magic


You had 4 spell levels left.
You knew the following spells:

 Your Spells              Type           Power      Damage    Failure   Level
a - Sandblast             Erth           34%        2d9       2%          1
b - Stone Arrow           Conj/Erth      42%        3d9       12%         3

Your spell library contained the following spells:

 Spells                   Type           Power      Damage    Failure   Level
 Passwall                 Erth           17%        N/A       9%          3
 Sting                    Conj/Alch      40%        1d5       11%         1
 Summon Small Mammal      Summ           8%         N/A       19%         1
 Mercury Vapours          Alch/Air       4%         N/A       26%         2
 Brom's Barrelling Bould  Conj/Erth      21%        2d4       38%         4
 Call Canine Familiar     Summ           2%         N/A       47%         3
 Ozocubu's Armour         Ice            2%         N/A       47%         3
 Petrify                  Alch/Erth      10%        N/A       56%         4
 Olgreb's Toxic Radiance  Alch           2%         N/A       87%         4
 Summon Blazeheart Golem  Fire/Summ      2%         N/A       87%         4
 Metabolic Englaciation   Hex/Ice        1%         N/A       99%         5
 Sculpt Simulacrum        Ice/Alch       1%         N/A       100%        6


Dungeon Overview and Level Annotations

Branches:
Dungeon (2/15)

Altars:
Zin

Annotations:
D:2 Sigmund


Innate Abilities, Weirdness & Mutations

You are immune to sickness and miasma.
Your stone body is resilient. (AC +3)
You are immune to poison.
You resist negative energy. (rN+)
You are resistant to electric shocks. (rElec)
You are resistant to unholy torment.
You are immune to petrification.


Message History

Sigmund is wielding a +0 scythe and wearing a +0 robe of willpower.
Sigmund shouts!
An orc comes into view.
It is wielding a +2 flail of protection.
Found a stone staircase leading down.
Sigmund casts a spell.
Sigmund flickers and vanishes for a moment.
A goblin comes into view. It is wielding a +0 club.
A rat comes into view.
An orc comes into view. It is wielding a +0 short sword.
The blast of sand hits the orc!
You kill the orc!
The orc shouts!
The goblin shouts!
Sigmund says, "Now you see me, now you don't..."
An orc comes into view. It is wielding a +0 whip.
Things that are here:
a dart slug corpse; a ball python corpse The blast of sand hits the orc but does no damage.
The blast of sand hits the orc but does no damage.
The orc barely misses you. Sigmund says, "I'm your fate."
Sigmund hits you from afar with a +0 scythe.
The orc hits you with a +2 flail of protection.
The blast of sand hits the orc.
The orc is severely wounded.
The orc hits you with a +2 flail of protection.
Sigmund hits you from afar with a +0 scythe!
* * * LOW HITPOINT WARNING * * *
You are too injured to fight recklessly!
Unknown command.
Casting: Sandblast (safe; 2% risk of failure)
Confirm with . or Enter, or press ? or * to list all spells.
Aiming: Sandblast (safe; 2% risk of failure)
Press: ? - help, Shift-Dir - straight line, f - Sigmund, p - orc
Aim: Sigmund, wielding a +0 scythe and wearing a +0 robe of willpower (slightly transparent, 80% to hit)
The blast of sand misses the orc.
The blast of sand misses Sigmund.
The blast of sand hits the orc but does no damage.
The orc closely misses you.
Sigmund hits you from afar with a +0 scythe!
You die...
Sigmund begins carving another notch in his scythe.

......)............<
.)......####......##
>....#.... ....#####
#.##.#.# .........
.....# #.# #.#
........# ....##
#.####.# ..⌠..o..≈
...## #...†..#
#'.o....# #.##
#.###..# #.og... #.#
#......# #.@.# #.#
#####@########.##
#o#.....#g..##
#@#....o.....#
#og.....#...##
###............#
#.....##.#####
########.# #.# .#


You could see Sigmund (invisible), 2 orcs and a goblin.

Vanquished Creatures
  An adder (D:2)
  2 dart slugs
  An orc (D:2)
  A ball python (D:2)
  A bat (D:1)
  5 endoplasms
  A giant cockroach (D:2)
  3 goblins (D:1)
  2 hobgoblins (D:1)
  4 jackals (D:1)
  5 kobolds
  A quokka (D:1)
  3 rats
30 creatures vanquished.

Notes
Turn   | Place    | Note
-------+----------+-------------------------------------------
     0 | D:1      | CougarLife the Gargoyle Earth Elementalist began the quest
                  | for the Orb.
     0 | D:1      | Reached XP level 1. HP: 10/10 MP: 3/3
   129 | D:1      | Reached XP level 2. HP: 15/15 MP: 1/5
   255 | D:1      | Reached skill level 4 in Earth Magic
   392 | D:1      | Reached XP level 3. HP: 19/19 MP: 3/6
  1057 | D:2      | Found a glowing silver altar of Zin.
  1063 | D:2      | Learned a level 3 spell: Stone Arrow
  1217 | D:2      | Reached XP level 4. HP: 18/24 MP: 2/8
  1292 | D:2      | Noticed Sigmund
  1309 | D:2      | Slain by Sigmund

Illustrated notes

Levels and vault maps discovered:
D:1:      dpeg_arrival_boxes_within_box, layout_basic, minmay_close_crescents
D:2:      layout_loops_corners, hellmonk_ecumenical_altar_defaced_shrine,
          basic_altar, minmay_misc_feat_tiny, uniq_crazy_yiuf_cottage,
          uniq_sigmund

Skill      XL: |  1  2 |
---------------+-------+-----
Earth Magic    | 4 |  4.5
Conjurations   | 2 |  2.5
Dodging        | |  1.5
Stealth        | |  2.1
Spellcasting   | |  2.8

Action                     |  1- 3 |  4- 6 || total
---------------------------+-------+-------++-------
  Melee: Dagger            |     5 |       ||     5
         Staff             |     1 |       ||     1
   Cast: Sandblast         |    41 |     7 ||    48
 Armour: Robe              |    19 |     5 ||    24
  Dodge: Dodged            |    22 |     3 ||    25

Table legend: (Time is in decaauts)
 A = Elapsed time spent in this place.
 B = Non-inter-level travel time spent in this place.
 C = Inter-level travel time spent in this place.
 D = Time resting spent in this place.
 E = Time spent auto-exploring this place.
 F = Levels seen in this place.
 G = Mean time per level.
                   A        B        C        D        E       F      G
               +--------+--------+--------+--------+--------+-----+--------+
         Total |   1331 |   1290 |     41 |      0 |   1098 |   2 |  665.5 |
       Dungeon |   1331 |   1290 |     41 |      0 |   1098 |   2 |  665.5 |
               +--------+--------+--------+--------+--------+-----+--------+

Top non-repeatable levels by time:
     D:1: 984 daAuts
     D:2: 346 daAuts
